 Dungeon Crawl Stone Soup version 0.28-a0-750-g7c675f85b1 (webtiles) character file.

Game seed: 5571020963896029618

123 ytrimaz the Sneak (level 5, -7/28 HPs)
             Began as a Kobold Enchanter on Oct 30, 2021.
             Mangled by Natasha (8 damage)
             ... on level 2 of the Dungeon.
             The game lasted 00:03:45 (2732 turns).

ytrimaz the Sneak (Kobold Enchanter)                Turns: 2732, Time: 00:03:45

Health: -7/28      AC:  2    Str:  6    XL:     5   Next: 28%
Magic:  6/8        EV: 15    Int: 16    God:
Gold:   61         SH:  0    Dex: 16    Spells: 5/8 levels left

rFire   . . .      SeeInvis .   a - +2 dagger
rCold   . . .      Faith    .   (shield restricted)
rNeg    . . .      Spirit   .   b - +0 robe
rPois   .          Reflect  .   (no helmet)
rElec   .          Harm     .   (no cloak)
rCorr   .          Rampage  .   (no gloves)
Will    .....                   (no boots)
Stlth   ++++......              (no amulet)
HPRegen 0.09/turn               (no ring)
MPRegen 0.11/turn               (no ring)

@: slowed, very slow
A: small, no large weapons, nightstalker 3
a: no special abilities


You were on level 2 of the Dungeon.
You visited 1 branch of the dungeon, and saw 2 of its levels.

You collected 61 gold pieces.

Inventory:

Hand Weapons
 a - a +2 dagger (weapon)
Armour
 b - a +0 robe (worn)
 g - a +0 buckler
Scrolls
 e - a scroll of teleportation
 h - a scroll of noise {unknown}
 i - a scroll of summoning
Potions
 c - a potion of invisibility
 d - a potion of lignification {unknown}
 f - 2 potions of magic {unknown}


   Skills:
 - Level 2.8 Short Blades
 * Level 3.3 Dodging
 + Level 6.2 Stealth
 - Level 2.1 Spellcasting
 * Level 3.4 Hexes


You had 5 spell levels left.
You knew the following spells:

 Your Spells              Type           Power      Damage    Failure   Level
a - Confusing Touch       Hex            12%        N/A       16%         3

Your spell library contained the following spells:

 Spells                   Type           Power      Damage    Failure   Level
 Ensorcelled Hibernation  Hex/Ice        14%        N/A       16%         2
 Tukima's Dance           Hex            12%        N/A       16%         3
 Dazzling Flash           Conj/Hex       14%        N/A       30%         3


Dungeon Overview and Level Annotations

Branches:
Dungeon (2/15)

Altars:
Nemelex Xobeh

Annotations:
D:2 Natasha


Innate Abilities, Weirdness & Mutations

You are small and have problems with some larger weapons.
You are completely attuned to the shadows.


Message History

Natasha is nearby!
Natasha is nearby!
Casting: Confusing Touch (quite dangerous; 16% risk of failure)
Confirm with . or Enter, or press ? or * to list all spells.
The spell is quite dangerous to cast (16% risk of failure)!
Continue anyway?
Your hands begin to glow red.
Natasha hisses angrily.
Natasha stares at you and mumbles some strange words.
You feel yourself slow down.
Natasha casts a spell.
Natasha claws you.
Natasha stares at you and mumbles some strange words.
You feel as though you will be slow longer.
You see here 7 gold pieces.
You hit Natasha but do no damage.
Natasha appears confused.
Natasha claws you!
You hit Natasha.
Natasha is lightly wounded.
Natasha barely misses you. The iron imp closely misses you.
You hit Natasha.
Natasha is lightly wounded.
The iron imp barely misses you. Natasha closely misses you.
The iron imp hits you!
* * * LOW HITPOINT WARNING * * *
Natasha claws you.
* * * LOW HITPOINT WARNING * * *
Unknown command.
You hit Natasha but do no damage.
Natasha is lightly wounded.
The iron imp shouts, "Turn tail, thou paunchy toot-wallowing serf!"
The iron imp completely misses you. Natasha barely misses you.
Natasha claws the iron imp.
You hit Natasha.
Natasha is heavily wounded.
The iron imp hits you.
* * * LOW HITPOINT WARNING * * *
Natasha claws the iron imp.
You hit Natasha.
Natasha is almost dead.
Natasha seems less confused.
Natasha claws you!
You die...

#.# #..##..##.#.#. #.#
#............. #.# #..##.......#.
#.# ##.##...#. #.# .# #.##...#.
#.#### .+... #.##.#.#. ##.....
..#. ..#...##.##..... #......
...####.#...##........ #.#####
#....@5.....##.##.#... #.#
#..(.h$..............> #.#
###..####.....##.####...
.###.#####................# ###.
..............####.....#########.
.###.#####.......................
#.# #.#.........#.#......... #.#
#.#..####.#.#.#...##..#. #.#
#.#..# #.#.#.#...##....


You could see an iron imp (summoned) and Natasha.

Vanquished Creatures
  A howler monkey (D:2)
  Natasha (D:2)
  3 adders (D:2)
  A dart slug (D:1)
  3 endoplasms (D:1)
  A giant cockroach (D:1)
  3 goblins (D:1)
  A hobgoblin (D:2)
  7 ball pythons
  2 bats (D:1)
  2 frilled lizards (D:2)
  4 kobolds
  7 rats (D:1)
36 creatures vanquished.

Notes
Turn   | Place    | Note
-------+----------+-------------------------------------------
     0 | D:1      | ytrimaz the Kobold Enchanter began the quest for the Orb.
     0 | D:1      | Reached XP level 1. HP: 10/10 MP: 3/3
   299 | D:1      | Reached XP level 2. HP: 10/15 MP: 5/5
   852 | D:1      | Reached XP level 3. HP: 15/19 MP: 6/6
  1536 | D:1      | Learned a level 3 spell: Confusing Touch
  1571 | D:2      | Reached skill level 5 in Stealth
  1934 | D:2      | Reached XP level 4. HP: 24/24 MP: 7/7
  2215 | D:2      | Found a sparkling altar of Nemelex Xobeh.
  2260 | D:2      | Reached XP level 5. HP: 28/28 MP: 8/8
  2357 | D:2      | Noticed Natasha
  2373 | D:2      | Killed Natasha
  2374 | D:2      | Reached skill level 6 in Stealth
  2720 | D:2      | Noticed Natasha
  2731 | D:2      | HP: 1/28 [iron imp[Natasha] (6)]
  2732 | D:2      | Mangled by Natasha

Illustrated notes

Levels and vault maps discovered:
D:1:      lightli_arrival_maybe_door_vault, layout_loops_cross, moated_statue,
          minmay_misc_feat_cross, chequers_serial_rivers_room_a,
          corexii_corridor_pit, eino_curves_03
D:2:      layout_basic, basic_altar, uniq_natasha, uniq_jessica

Skill      XL: |  1  2  3  4  5 |
---------------+----------------+-----
Short Blades   | 2 |  2.8
Stealth        | 5 6 |  6.2
Dodging        | 3 |  3.3
Spellcasting   | |  2.1
Hexes          | |  3.4

Action                   |  1- 3 |  4- 6 || total
-------------------------+-------+-------++-------
Melee: Dagger            |    63 |    26 ||    89
 Cast: Confusing Touch   |     1 |     3 ||     4
  Use: Scroll            |     3 |       ||     3
 Stab: Sleeping          |    16 |     6 ||    22
       Confused          |     1 |     2 ||     3
Armor: Robe              |     5 |     1 ||     6
Dodge: Dodged            |    40 |    13 ||    53

Table legend: (Time is in decaauts)
 A = Elapsed time spent in this place.
 B = Non-inter-level travel time spent in this place.
 C = Inter-level travel time spent in this place.
 D = Time resting spent in this place.
 E = Time spent auto-exploring this place.
 F = Levels seen in this place.
 G = Mean time per level.
                   A        B        C        D        E       F      G
               +--------+--------+--------+--------+--------+-----+--------+
         Total |   2726 |   2716 |     10 |   1085 |   1291 |   2 | 1363.0 |
       Dungeon |   2726 |   2716 |     10 |   1085 |   1291 |   2 | 1363.0 |
               +--------+--------+--------+--------+--------+-----+--------+

Top non-repeatable levels by time:
     D:1: 1543 daAuts
     D:2: 1183 daAuts
